 Dungeon Crawl Stone Soup version bcrawl-1.35.4c (webtiles) character file.

Game seed: 1062514261898673870

519702 Baz the Bludgeoner (level 16, 0/189 (190) HPs)
             Began as an Ent Fighter on Feb 22, 2022.
             Was the Champion of Zin.
             Slain by Quickbrownfox's ghost (10 damage)
             ... on level 2 of the Swamp.
             The game lasted 01:08:59 (26677 turns).

Baz the Bludgeoner (Ent Fighter)                   Turns: 26677, Time: 01:08:59

HP:   0/189 (190)   AC: 24    Str: 26    XL:     16   Next: 48%
MP:   13/13         EV: 20    Int:  9    God:    Zin [******]
Gold: 1531          SH:  0    Dex: 14    Spells: 15/15 levels left

rFire    + . .     SeeInvis .   U - +9 giant spiked club of the Rattle-Snake {antimagic, rC+}
rCold    + + .     Gourm    .   (shield currently unavailable)
rNeg     + + +     Faith    .   (armour unavailable)
rPois    +         Spirit   .   (helmet restricted)
rElec    .         Reflect  .   w - +0 cloak of Dishonour {rC+ rCorr} (curse)
rCorr    +                      (gloves unavailable)
MR       +....                  (boots unavailable)
Stlth    +.........             Q - amulet of the acrobat
HPRegen  0.41/turn              m - ring of protection from fire
MPRegen  0.13/turn              J - +3 ring of evasion

@: very slow
A: large, slow actions, passwall, strong branches, negative energy resistance 3,
poison resistance, slow metabolism 1, torment resistance, unbreathing, AC +23
a: Passwall, Recite, Vitalisation, Manna, Imprison, Sanctuary, Donate Gold,
Renounce Religion


You were on level 2 of the Swamp.
You worshipped Zin.
Zin was exalted by your worship.
You were near starving.

You visited 5 branches of the dungeon, and saw 22 of its levels.
You also visited: Sewer and Ice Cave.

You collected 2596 gold pieces.
You spent 855 gold pieces at shops.
You donated 210 gold pieces to Zin.

Inventory:

Hand Weapons
 U - the +9 giant spiked club of the Rattle-Snake (weapon) {antimagic, rC+}
   (You found it on level 4 of the Lair of Beasts)

   It reduces the magical energy of the wielder, and disrupts the spells and
   magical abilities of those hit.
   Natural abilities and divine invocations are not affected.
   It protects you from cold.
Missiles
 n - 5 throwing nets {=f}
Armour
 b - a +0 medium shield
 w - the cursed +0 cloak of Dishonour (worn) {rC+ rCorr}
   (You bought it in a shop on level 7 of the Dungeon)

   It protects you from cold.
   It provides partial protection from all sources of acid and corrosion.
   It has a curse placed upon it.
Jewellery
 a - an uncursed ring of protection from cold
 m - a ring of protection from fire (left hand)
 v - an uncursed ring of resist corrosion
 J - a +3 ring of evasion (right hand)
 Q - an amulet of the acrobat (around neck)
 S - a +2 ring of intelligence {unknown}
 Y - the amulet "Abann" {Reflect -Tele rElec rN+++ Dex+6 SH+5}
   (You found it on level 6 of the Lair of Beasts)

   [amulet of reflection]

   It shields you and reflects attacks.
   It affects your dexterity (+6).
   It insulates you from electricity.
   It renders you almost immune to negative energy.
   It prevents most forms of teleportation.
   It affects your SH (+5).
Wands
 D - a wand of polymorph (11)
 H - a wand of iceblast (28)
 I - a wand of random effects (33)
 K - a wand of disintegration (18)
 L - a wand of acid (3)
 M - a wand of paralysis (10)
Scrolls
 d - 8 scrolls of remove curse
 h - a scroll of immolation
 j - 7 scrolls of enchant armour
 l - 5 scrolls of amnesia
 p - 3 scrolls of blinking
 A - 3 scrolls of teleportation
 B - 2 scrolls of magic mapping
 C - 4 scrolls of enchant weapon
 G - 6 scrolls of fog
 N - 2 scrolls of noise
 R - 2 scrolls of torment
 W - a scroll of brand weapon
Potions
 c - 4 potions of might
 f - 2 potions of haste
 g - 2 potions of mutation
 k - 5 potions of agility
 o - 2 potions of heal wounds
 q - a potion of lignification
 r - a potion of invisibility
 s - 8 potions of flight
 t - a potion of cancellation
 u - 3 potions of brilliance
 x - a potion of berserk rage
 y - 7 potions of curing
 F - 2 potions of ambrosia
 P - 2 potions of degeneration
Miscellaneous
 T - a lamp of fire
 Z - a phial of floods
Comestibles
 e - 30 rations {!d}


   Skills:
 + Level 15.4 Fighting
 * Level 19.0 Maces & Flails
 + Level 12.3 Dodging
 - Level 9.1 Shields
 + Level 14.4 Invocations


You had 15 spell levels left.
You didn't know any spells.
Your spell library contained the following spells:

 Spells                   Type           Power        Failure   Level  Hunger
 Throw Frost              Conj/Ice       #.....       24%         2    ####...
 Apportation              Tloc           #.....       38%         1    None
 Blink Other              Tloc           #.....       38%         1    None
 Corona                   Hex            #......      38%         1    None
 Freeze                   Ice            #.....       38%         1    None
 Magic Dart               Conj           #...         38%         1    None
 Summon Butterflies       Summ           #.......     38%         1    None
 Summon Small Mammal      Summ           #...         38%         1    None
 Blink                    Tloc           N/A          52%         2    ####...
 Call Imp                 Summ           #.....       52%         2    ####...
 Ensorcelled Hibernation  Hex/Ice        #.....       52%         2    ####...
 Shackle                  Hex            #.......     52%         2    ####...
 Sticks to Snakes         Tmut           #.......     52%         2    ####...
 Beckoning                Tloc           #.........   77%         3    #####..
 Call Canine Familiar     Summ           #.......     77%         3    #####..
 Conjure Flame            Conj/Fire      #.......     77%         3    #####..
 False Image              Hex/Summ       #.......     77%         3    #####..
 Inner Flame              Hex/Fire       N/A          77%         3    #####..
 Mephitic Cloud           Conj/Pois/Air  #.......     77%         3    #####..
 Ozocubu's Armour         Chrm/Ice       #.......     77%         3    #####..
 Portal Projectile        Tloc           #.....       77%         3    #####..
 Teleport Other           Tloc           #.......     77%         3    #####..
 Tukima's Dance           Hex            #.......     77%         3    #####..
 Agony                    Necr           #.......     99%         4    ######.
 Cause Fear               Hex            #.........   99%         4    ######.
 Fulminant Prism          Conj/Hex       #.........   99%         4    ######.
 Summon Ice Beast         Ice/Summ       #.......     99%         4    ######.
 Throw Icicle             Conj/Ice       #.......     99%         4    ######.
 Yara's Violent Unravell  Hex/Tmut       #.........   99%         4    ######.
 Passage of Golubria      Tloc           N/A          100%        5    #######
 Silence                  Hex/Air        #.........   100%        5    #######
 Summon Lightning Spire   Summ/Air       #.......     100%        5    #######
 Infestation              Hex/Tmut/Pois  #........    100%        6    #######
 Invisibility             Hex            #.......     100%        6    #######
 Icicle Burst             Conj/Ice       #.........   100%        7    #######
 Mana Rupture             Conj/Hex       #.........   100%        7    #######
 Beastly Appendage        Tmut           Unusable     N/A         1    N/A
 Passwall                 Tmut/Erth      Unusable     N/A         2    N/A
 Spider Form              Tmut/Pois      Unusable     N/A         3    N/A
 Ice Form                 Ice/Tmut       Unusable     N/A         4    N/A
 Tree Form                Hex/Tmut       Unusable     N/A         4    N/A
 Blade Hands              Tmut           Unusable     N/A         5    N/A
 Statue Form              Tmut/Erth      Unusable     N/A         6    N/A
 Dragon Form              Tmut           Unusable     N/A         7    N/A
 Necromutation            Tmut/Necr      Unusable     N/A         8    N/A

Dungeon Overview and Level Annotations

Branches:
Dungeon (12/12)            Temple (1/1) D:4            Lair (6/6) D:9
  Swamp (2/3) Lair:3       Spider (0/3) Lair:4        Slime (0/5) Lair:5
    Orc (1/1) D:11            Elf (0/3) Orc          Vaults (0/3) D:12
 Depths (0/5) D:12

Altars:
Ashenzari
Cheibriados
Dithmenos
Elyvilon
Fedhas
Gozag
Hepliaklqana
Kikubaaqudgha
Lugonu
Makhleb
Nemelex Xobeh
Okawaru
Qazlal
Ru
Sif Muna
Trog
Uskayaw
Vehumet
Wu Jian
Xom
Yredelemnul
Zin
The Shining One
Beogh
Jiyva

Shops:
D:6 ?   D:7 **   D:8 !   D:9 (   D:11 ([   Orc (}:(

Portals:
Trove: D:12 (give +8 bardiche)

Annotations:
D:5 1 runed door
D:9 3 runed translucent doors, Quickbrownfox's ghost, journeyman MiAc; exe1's ghost, novice DsBe; yrara's ghost, journeyman DsFi
Lair:4 exclusion: 4 oklob plants
Lair:5 exclusion: 2 oklob plants
Swamp:2 Louise; Nikola; Quickbrownfox's ghost, adept MiAc


Innate Abilities, Weirdness & Mutations

You move and act slowly.
You can pass through walls and trees.
Your branches can wield two-handed weapons with a shield.
Your thick bark is tough. (AC +23)
You are too large for most types of armour.
You are immune to negative energy. (rN+++)
Your system is resistant to poisons. (rPois)
You have a slow metabolism.
You are immune to unholy pain and torment.
You can survive without breathing.


Message History

Quickbrownfox's ghost is moderately damaged.
Quickbrownfox's ghost hits you but does no damage.
Quickbrownfox's ghost completely misses you.
You completely miss Quickbrownfox's ghost.
Quickbrownfox's ghost is moderately damaged.
Quickbrownfox's ghost misses you.
You miss Quickbrownfox's ghost.
Quickbrownfox's ghost is moderately damaged.
Quickbrownfox's ghost hits you. Quickbrownfox's ghost burns you.
You miss Quickbrownfox's ghost.
Quickbrownfox's ghost is moderately damaged.
Quickbrownfox's ghost misses you. Quickbrownfox's ghost hits you!!
Quickbrownfox's ghost burns you.
You are near starving!
You miss Quickbrownfox's ghost.
Quickbrownfox's ghost is moderately damaged.
Quickbrownfox's ghost hits you!!!
* * * LOW HITPOINT WARNING * * *
Quickbrownfox's ghost burns you!
You die...

##### ≈ #P8P#
.♣. #)):#
.... .. ≈≈≈
##W##♣≈≈≈.
♣.♣.≈§♣
♣.@.≈≈≈..♣
♣...≈≈♣
♣♣..≈≈≈.♣♣
♣....≈♣
♣.≈?...♣
..♣.≈♣
♣♣.♣♣♣..♣
♣≈.≈.♣ ♣..♣
.♣ ♣♣≈♣..♣♣
♣..♣ .♣
♣....≈.♣ ♣..♣
♣
♣^♣...♣♣♣♣(.♣
♣.♣♣....♣♣≈.♣


You could see Quickbrownfox's ghost.

Vanquished Creatures
  Frances (D:12)
  Roxanne (Swamp:2)
  A frost giant (IceCv)
  An orc warlord (Orc)
  A dire elephant (D:12)
  Snorg (D:12)
  16 hydras
  2 rakshasas
  An anaconda (Lair:4)
  2 shambling mangroves
  A centaur warrior (D:12)
  2 ogre magi (D:12)
  2 catoblepae
  15 two-headed ogres
  2 alligators (Swamp:1)
  Erica (D:8)
  A deep troll shaman (Lair:6)
  10 death yaks
  A queen ant (Lair:3)
  4 orc high priests (Orc)
  A deep elf knight (D:10)
  The ghost of KristoblXynda the Covert, a novice KoRg of Ashenzari (D:8)
  Sonja (D:12)
  A swamp dragon (Swamp:1)
  A deep elf archer (D:12)
  A lindwurm (Lair:6)
  Pikel (D:4)
  A cyclops (Orc)
  A necromancer (D:12)
  4 ugly things (D:11)
  4 orc sorcerers (Orc)
  7 orc knights
  3 manticores
  A wolf spider (D:12)
  5 black mambas
  15 elephants
  An ice statue (IceCv)
  3 will-o'-wisps (Swamp:1)
  Joseph (D:8)
  2 rime drakes
  9 komodo dragons
  A torpor snail (Lair:5)
  10 cane toads
  A guardian mummy (D:12)
  A tengu conjurer (D:12)
  18 polar bears
  6 trolls
  14 hornets
  3 tyrant leeches (Swamp:1)
  4 bog bodies
  17 dream sheep
  14 hippogriffs
  24 blink frogs
  A meliai zombie (D:12)
  Grum (D:8)
  3 redbacks (Lair:4)
  53 yaks
  A shadow (D:12)
  5 wyverns
  7 spriggans (Swamp:1)
  A wraith (D:12)
  A basilisk (shapeshifter) (D:10)
  4 hungry ghosts
  6 vampire mosquitoes
  6 basilisks
  A steam dragon (Lair:3)
  3 wargs (Orc)
  5 swamp worms (Swamp:1)
  3 acid dragons
  10 crocodiles
  15 water moccasins
  10 porcupines
  5 sky beasts
  20 soldier ants
  5 ice beasts
  34 orc warriors
  A slave (D:4)
  4 black bears
  3 phantoms
  2 necrophages (D:9)
  An eye of draining (D:11)
  15 ogres
  31 wolves
  4 centaurs
  2 big kobolds
  15 bullfrogs
  A gnoll sergeant (D:8)
  A water moccasin skeleton (D:8)
  4 scorpions
  8 killer bees
  10 wights
  4 howler monkeys
  23 orc priests
  3 crimson imps
  A quasit (D:6)
  A bullfrog zombie (D:6)
  5 centaur zombies
  7 hounds
  4 centaur skeletons
  2 jellies
  2 bullfrog skeletons
  4 iguanas
  12 orc wizards
  24 worker ants
  2 hound skeletons
  2 worker ant zombies
  9 adders
  3 gnolls
  2 shadow imps
  A white imp (D:11)
  An adder skeleton (D:5)
  4 worms
  2 dart slugs
  3 leopard geckos
  93 orcs
  7 bats
  A giant cockroach (D:2)
  5 goblins
  2 hobgoblins
  17 jackals
  15 kobolds
  5 quokkas
  3 frilled lizards (D:1)
  A quokka skeleton (D:5)
  9 rats
  A bush (Lair:6)
  4 fungi
  A pillar of salt (Swamp:1)
  4 plants
834 creatures vanquished.

Vanquished Creatures (others)
  A black mamba (Lair:6)
  A centaur skeleton (D:11)
  A polar bear (IceCv)
  A hippogriff (D:11)
  A yak (IceCv)
  A wolf (IceCv)
  An adder (D:4)
  3 orcs
  18 fungi
  A pillar of salt (Orc)
  24 plants
  4 withered plants (D:9)
57 creatures vanquished.

Grand Total: 891 creatures vanquished

Notes
Turn   | Place    | Note
-------+----------+-------------------------------------------
     0 | D:1      | Baz the Ent Fighter began the quest for the Orb.
     0 | D:1      | Reached XP level 1. HP: 25/25 MP: 1/1
   269 | D:1      | Reached XP level 2. HP: 33/33 MP: 2/2
   833 | D:2      | Reached skill level 3 in Maces & Flails
   890 | D:2      | Reached XP level 3. HP: 41/42 MP: 3/3
  1096 | D:2      | Found a radiant altar of Vehumet.
  1313 | D:2      | Reached XP level 4. HP: 51/51 MP: 4/4
  1531 | D:3      | Found a sacrificial altar of Ru.
  1604 | D:3      | Found a shadowy altar of Dithmenos.
  1893 | D:3      | Found a hide-covered altar of Uskayaw.
  2144 | D:3      | Found a hazy altar of Hepliaklqana.
  2145 | D:3      | Found a stormy altar of Qazlal.
  2247 | D:4      | Got a bloodstained short sword
  2257 | D:4      | Reached XP level 5. HP: 58/58 MP: 5/5
  2258 | D:4      | Noticed a slave
  2276 | D:4      | Killed a slave
  2297 | D:4      | Noticed Pikel
  2297 | D:4      | Noticed a slave
  2297 | D:4      | Noticed a slave
  2297 | D:4      | Noticed a slave
  2318 | D:4      | Killed Pikel
  2319 | D:4      | Reached skill level 5 in Fighting
  2319 | D:4      | Reached skill level 5 in Maces & Flails
  2319 | D:4      | Reached XP level 6. HP: 51/71 MP: 6/6
  2319 | D:4      | Reached XP level 7. HP: 56/78 MP: 7/7
  2365 | D:4      | Found a glowing golden altar of the Shining One.
  2451 | D:4      | Found a staircase to the Ecumenical Temple.
  2655 | Temple   | Entered the Ecumenical Temple
  2699 | Temple   | Became a worshipper of Zin the Law-Giver
  2699 | Temple   | Reached * piety under Zin
  2913 | D:5      | Entered Level 5 of the Dungeon
  2996 | D:5      | Reached skill level 1 in Invocations
  3057 | D:5      | Found a glowing drain.
  3072 | Sewer    | Entered a sewer
  3138 | Sewer    | Reached skill level 6 in Maces & Flails
  3202 | Sewer    | Found a white marble altar of Elyvilon.
  3308 | D:5      | Reached XP level 8. HP: 77/89 MP: 9/9
  3386 | D:5      | Reached skill level 5 in Dodging
  3393 | D:5      | Got a smoking spear
  3621 | D:5      | Reached skill level 7 in Maces & Flails
  3681 | D:5      | Reached ** piety under Zin
  3808 | D:5      | Found a runed door.
  4011 | D:6      | Reached skill level 5 in Shields
  4218 | D:6      | Reached skill level 8 in Maces & Flails
  4227 | D:6      | Reached XP level 9. HP: 86/99 MP: 11/11
  4326 | D:6      | Found an iron altar of Okawaru.
  4345 | D:6      | Noticed a two-headed ogre
  4367 | D:6      | Killed a two-headed ogre
  4378 | D:6      | Reached skill level 9 in Maces & Flails
  4591 | D:6      | Found Utogeoj's Magic Scroll Emporium.
  4598 | D:6      | Bought a scroll of teleportation for 45 gold pieces
  4598 | D:6      | Bought a scroll of magic mapping for 52 gold pieces
  4598 | D:6      | Bought a scroll of enchant weapon for 112 gold pieces
  4938 | D:6      | Reached skill level 5 in Invocations
  5716 | D:7      | Reached XP level 10. HP: 112/112 MP: 14/14
  5735 | D:7      | Reached *** piety under Zin
  5772 | D:7      | Reached skill level 10 in Maces & Flails
  5906 | D:7      | Found Jiotiedd's Assorted Antiques.
  5995 | D:7      | Found Guvun's Assorted Antiques.
  6083 | D:7      | Found a bloodstained altar of Trog.
  6331 | D:7      | Found a hazy altar of Hepliaklqana.
  6399 | D:8      | Noticed Erica
  6437 | D:8      | Noticed Joseph
  6883 | D:8      | Found a runed translucent gate.
  6883 | D:8      | Found a runed translucent gate.
  6883 | D:8      | Found a runed translucent gate.
  6884 | D:8      | Noticed KristoblXynda's ghost (novice KoRg)
  6884 | D:8      | Noticed a ten-headed hydra
  6936 | D:8      | Noticed Grum
  6972 | D:8      | Reached skill level 11 in Maces & Flails
  7273 | D:8      | Killed Joseph
  7327 | D:8      | Killed Erica
  7339 | D:8      | Killed a ten-headed hydra
  7340 | D:8      | Reached XP level 11. HP: 52/121 MP: 16/16
  7466 | D:8      | Found Samishui's Distillery.
  7491 | D:8      | Killed Grum
  7608 | D:8      | Bought a potion of curing for 30 gold pieces
  7623 | D:8      | Found a sparkling altar of Nemelex Xobeh.
  7663 | D:8      | Reached **** piety under Zin
  8247 | D:8      | Found a shimmering altar of Xom.
  8418 | D:8      | Killed KristoblXynda's ghost
  8429 | D:8      | Got an ichor-stained broad axe
  8430 | D:8      | Identified the +5 broad axe of Idaacej {freeze, rN+} (You
                  | found it on level 8 of the Dungeon)
  8499 | D:9      | Found a runed translucent gate.
  8501 | D:9      | Found a runed translucent gate.
  8501 | D:9      | Found a runed translucent gate.
  8501 | D:9      | Noticed Quickbrownfox's ghost (journeyman MiAc)
  8501 | D:9      | Noticed exe1's ghost (novice DsBe)
  8501 | D:9      | Noticed yrara's ghost (journeyman DsFi)
  8515 | D:9      | Found an ornate altar of the Wu Jian Council.
  8526 | D:9      | Found a basalt altar of Yredelemnul.
  8599 | D:9      | Noticed a two-headed ogre
  8624 | D:9      | Killed a two-headed ogre
  8625 | D:9      | Reached skill level 12 in Maces & Flails
  8760 | D:9      | Found a staircase to the Lair.
  8771 | D:9      | Reached ***** piety under Zin
  8922 | D:9      | Found Mojargh's Antique Weapon Shop.
  8989 | D:9      | Found a shattered altar of Ashenzari.
  9452 | Lair:1   | Entered Level 1 of the Lair of Beasts
  9473 | Lair:1   | Noticed a six-headed hydra
  9494 | Lair:1   | Killed a six-headed hydra
 10050 | Lair:1   | Reached skill level 13 in Maces & Flails
 10852 | Lair:1   | Reached XP level 12. HP: 94/134 MP: 18/18
 11165 | Lair:2   | Reached skill level 10 in Fighting
 12287 | Lair:3   | Reached skill level 14 in Maces & Flails
 12500 | Lair:3   | Noticed an eight-headed hydra
 12605 | Lair:3   | Noticed an eight-headed hydra
 12663 | Lair:3   | Killed an eight-headed hydra
 12833 | Lair:3   | Noticed a queen ant
 12868 | Lair:3   | Killed a queen ant
 12869 | Lair:3   | Reached skill level 10 in Invocations
 13062 | Lair:3   | Reached ****** piety under Zin
 13353 | Lair:3   | Killed an eight-headed hydra
 13354 | Lair:3   | Reached XP level 13. HP: 111/147 MP: 20/20
 13594 | D:7      | Bought an ichor-stained cloak for 266 gold pieces
 13594 | D:7      | Bought a blackened blue amulet for 140 gold pieces
 13594 | D:7      | Bought a scroll of blinking for 210 gold pieces
 13602 | D:7      | Identified the cursed +0 cloak of Dishonour {rC+ rCorr}
                  | (You bought it in a shop on level 7 of the Dungeon)
 13776 | Lair:3   | Found a staircase to the Swamp.
 14199 | Lair:4   | Found a frozen archway.
 14208 | IceCv    | Entered an ice cave
 14678 | IceCv    | Reached skill level 15 in Maces & Flails
 15208 | IceCv    | Noticed a frost giant
 15230 | IceCv    | Killed a frost giant
 15289 | IceCv    | Identified the Almanac of Unstable Snow
 15817 | Lair:4   | Found a hole to the Spider Nest.
 16309 | Lair:4   | Got a buzzing giant spiked club
 16311 | Lair:4   | Identified the +9 giant spiked club of the Rattle-Snake
                  | {antimagic, rC+} (You found it on level 4 of the Lair of
                  | Beasts)
 16844 | Lair:5   | Found a staircase to the Slime Pits.
 16844 | Lair:5   | Found a viscous altar of Jiyva.
 16922 | Lair:5   | Reached skill level 10 in Dodging
 17057 | Lair:5   | Reached XP level 14. HP: 162/162 MP: 11/22
 17729 | Lair:6   | Entered Level 6 of the Lair of Beasts
 18015 | Lair:6   | Reached skill level 16 in Maces & Flails
 18094 | Lair:6   | Got an ichor-stained war axe
 19462 | Lair:6   | Got a scorched copper amulet
 19476 | Lair:6   | Identified the amulet "Abann" {Reflect -Tele rElec rN+++
                  | Dex+6 SH+5} (You found it on level 6 of the Lair of Beasts)
 19685 | D:10     | Entered Level 10 of the Dungeon
 19752 | D:10     | Reached XP level 15. HP: 95/176 MP: 12/24
 20419 | D:10     | Identified the Catalogue of Enthralling Evil
 20846 | D:11     | Found a staircase to the Orcish Mines.
 20847 | D:11     | Found Ykosu's Armour Emporium.
 20957 | D:11     | Found Wisch's Weapon Emporium.
 21223 | D:11     | Reached skill level 17 in Maces & Flails
 21756 | D:12     | Entered Level 12 of the Dungeon
 22291 | D:12     | Found a portal to a secret trove of treasure.
 22427 | D:12     | Noticed Sonja
 22430 | D:12     | Noticed Snorg
 22431 | D:12     | Killed Sonja
 22442 | D:12     | Killed Snorg
 22493 | D:12     | Found a gate to the Vaults.
 22585 | D:12     | Found a staircase to the Depths.
 22727 | D:12     | Paralysed by a big kobold for 4 turns
 22815 | D:12     | Noticed Frances
 22828 | D:12     | Killed Frances
 23245 | D:12     | Reached skill level 18 in Maces & Flails
 23642 | Orc      | Entered the Orcish Mines
 23883 | Orc      | Found a roughly hewn altar of Beogh.
 24026 | Orc      | Found Neegab's Antique Weapon Boutique.
 24093 | Orc      | Found Jemeaxum's Book Shop.
 24100 | Orc      | Reached skill level 15 in Fighting
 24127 | Orc      | Reached XP level 16. HP: 180/189 MP: 13/26
 24568 | Orc      | Found a staircase to the Elven Halls.
 24774 | Orc      | Found a roughly hewn altar of Beogh.
 24969 | Orc      | Found Uleag's Gadget Shoppe.
 25060 | Orc      | Found Loalut's Weapon Emporium.
 25399 | Swamp:1  | Entered Level 1 of the Swamp
 26496 | Swamp:2  | Noticed Roxanne
 26497 | Swamp:2  | Noticed Nikola
 26499 | Swamp:2  | Noticed Louise
 26502 | Swamp:2  | Reached skill level 19 in Maces & Flails
 26505 | Swamp:2  | Killed Roxanne
 26658 | Swamp:2  | Found a runed translucent door.
 26659 | Swamp:2  | Noticed Quickbrownfox's ghost (adept MiAc)
 26677 | Swamp:2  | Slain by Quickbrownfox's ghost

Skill      XL: |  1  2  3  4  5  6  7  8  9 10 11 12 13 14 15 16 |
---------------+-------------------------------------------------+-----
Dodging        | 3 4 5 6 7 8 9 10 11 12 | 12.3
Maces & Flails | 3 5 6 8 9 11 13 14 15 16 18 19 | 19.0
Fighting       | 4 5 6 7 8 9 10 12 14 15 | 15.4
Shields        | 3 4 5 6 7 8 9 |  9.1
Invocations    | 1 3 5 7 8 10 11 12 13 14 | 14.4

Action                   |  1- 3 |  4- 6 |  7- 9 | 10-12 | 13-15 | 16-18 || total
-------------------------+-------+-------+-------+-------+-------+-------++-------
Melee: Flail             |   122 |   111 |       |       |       |       ||   233
       Whip              |       |       |   485 |   466 |       |       ||   951
       Dire flail        |       |       |       |   671 |   553 |       ||  1224
       Mace              |       |       |       |    73 |       |       ||    73
       Giant spiked club |       |       |       |       |   598 |   241 ||   839
Invok: Recite            |       |       |     1 |    17 |     8 |     7 ||    33
       Vitalisation      |       |       |       |       |     3 |       ||     3
 Abil: Passwall          |       |       |       |       |       |     1 ||     1
Evoke: Wand              |       |       |       |    15 |       |       ||    15
  Use: Scroll            |     1 |       |    11 |     7 |    14 |     7 ||    40
       Potion            |       |       |       |     1 |     2 |       ||     3
 Stab: Sleeping          |     1 |       |       |       |       |     1 ||     2
       Confused          |       |       |       |     4 |     2 |     3 ||     9
       Petrified         |       |       |       |       |     7 |       ||     7
       Paralysed         |       |       |       |       |     3 |    11 ||    14
  Eat: Chunk             |     5 |     6 |    11 |    36 |    48 |     6 ||   112
       Ration            |       |       |     6 |     3 |     3 |     1 ||    13
Armor: Skin              |    97 |    73 |   276 |   575 |   697 |   100 ||  1818
Dodge: Dodged            |    41 |    55 |   207 |   571 |  1453 |   308 ||  2635
Block: Medium shield     |    80 |    73 |   269 |   733 |   344 |       ||  1499
